 Dungeon Crawl Stone Soup version 0.30-a0-918-g0ff054e9dc (webtiles) character file.

Game seed: 12009949134910355283

39 cforsyth the Trooper (level 3, -2/29 HPs)
             Began as a Human Fighter on Mar 20, 2023.
             Slain by a goblin
             ... wielding a +0 club
             ... led by Robin
              (5 damage)
             ... on level 2 of the Dungeon.
             The game lasted 00:01:46 (1126 turns).

cforsyth the Trooper (Human Fighter)                Turns: 1126, Time: 00:01:47

Health: -2/29      AC:  6    Str: 18    XL:     3   Next: 67%
Magic:  3/3        EV:  9    Int:  8    God:
Gold:   41         SH:  4    Dex: 12    Spells: 2/2 levels left

rFire   . . .      SeeInvis .    a - +0 flail
rCold   . . .      Faith    .    c - +0 buckler
rNeg    . . .      Spirit   .    b - +0 scale mail
rPois   .          Reflect  .    (no helmet)
rElec   .          Rampage  .    (no cloak)
rCorr   .                        (no gloves)
Will    .....                    (no boots) Stlth
                                 (no amulet)
HPRegen 0.24/turn                (no ring)
MPRegen 0.08/turn                (no ring)

@: no status effects
A: no striking features
a: no special abilities


You were on level 2 of the Dungeon.
You visited 1 branch of the dungeon, and saw 2 of its levels.

You collected 41 gold pieces.

Inventory:

Hand Weapons
 a - a +0 flail (weapon)
Armour
 b - a +0 scale mail (worn)
 c - a +0 buckler (worn)
Scrolls
 h - a scroll of immolation {unknown}
 i - a scroll of amnesia {unknown}
 j - a scroll of fear {unknown}
 k - a scroll of teleportation {unknown}
 l - a scroll of fog {unknown}
Potions
 d - a potion of might
 e - a potion of attraction {unknown}
 f - a potion of magic {unknown}
 g - a potion of curing {unknown}
 m - a potion of lignification {unknown}


   Skills:
 + Level 3.6 Fighting
 + Level 2.8 Maces & Flails
 - Level 3.1 Armour
 - Level 3.1 Shields


You had 2 spell levels left.
You didn't know any spells.
Your spell library was empty.

Dungeon Overview and Level Annotations

Branches:
Dungeon (2/15)

Altars:

Annotations:
D:2 Robin


Message History

The goblin hits you with a +0 club. The goblin hits you but does no damage.
Robin hits you but does no damage. The goblin hits you but does no damage.
The goblin hits you with a +0 dagger. The goblin hits you but does no damage.
You are too injured to fight recklessly!
You are too injured to fight recklessly!
You are too injured to fight recklessly!
You are too injured to fight recklessly!
You are too injured to fight recklessly!
You are too injured to fight recklessly!
You are too injured to fight recklessly!
You are too injured to fight recklessly!
You are too injured to fight recklessly!
You are too injured to fight recklessly!
You are too injured to fight recklessly!
You hit the goblin.
You kill the goblin!
You hear a splash.
Robin roars a battlecry!
The goblins go into a battle-frenzy!
The goblin splashes around in the water.
The goblin hits you with a +0 club.
You hear a shout! x3
You closely miss the goblin. Robin closely misses you.
A goblin comes into view. It is wielding a +0 dagger.
The goblin hits you but does no damage. x2
A hobgoblin comes into view.
Robin hits you but does no damage.
You closely miss the goblin. The goblin barely misses you.
The goblin hits you with a +0 dagger.
* * * LOW HITPOINT WARNING * * *
Robin roars a battlecry!
The goblin goes into a battle-frenzy!
The goblin hits you but does no damage. You block the goblin's attack.
You sock the goblin!
You kill the goblin!
You hear a splash.
Robin throws the goblin at you! The goblin hits you with a +0 club.
* * * LOW HITPOINT WARNING * * *
The goblin hits you with a +0 club.
You die...

............~~≈≈~..
######.###.#~≈≈~..
#.# ..~≈≈~..
#.#####~≈≈~..
#.....#~≈≈~#
#####.~~≈≈~#
#.~≈≈~~# #gg≈≈~##
#@)≈≈~#
############))≈≈~#
#........g.gg≈≈~~#
#.##########~≈≈~##
#.# gg≈≈~# #.#
g≈≈~~# #.# ~g≈≈~88.
#.# .?....... #.#
g.........


You could see Robin, 2 hobgoblins and 5 goblins.

Vanquished Creatures
  2 endoplasms (D:1)
  5 giant cockroaches (D:1)
  8 goblins
  A hobgoblin (D:1)
  A quokka (D:1)
  4 ball pythons (D:1)
  5 bats (D:1)
  6 kobolds
  4 rats (D:1)
36 creatures vanquished.

Notes
Turn   | Place    | Note
-------+----------+-------------------------------------------
     0 | D:1      | cforsyth the Human Fighter began the quest for the Orb.
     0 | D:1      | Reached XP level 1. HP: 18/18 MP: 1/1
   116 | D:1      | Reached XP level 2. HP: 24/24 MP: 2/2
   352 | D:1      | Reached XP level 3. HP: 25/29 MP: 3/3
  1090 | D:2      | Noticed Robin
  1126 | D:2      | Slain by a goblin

Illustrated notes

Levels and vault maps discovered:
D:1:      ncdulo_smallfort, layout_basic, minmay_tromino_v4_b
D:2:      wander_river, layout_loops_ring,
          hellmonk_ecumenical_altar_arch_garden, grunt_ministairs_4,
          grunt_decor_resistance, minivault_23, uniq_sigmund, uniq_robin

Action                     || total
---------------------------++-------
  Melee: Flail             ||   112
 Armour: Scale mail        ||    74
  Dodge: Dodged            ||    54
  Block: Buckler           ||    33

Table legend: (Time is in decaauts)
 A = Elapsed time spent in this place.
 B = Non-inter-level travel time spent in this place.
 C = Inter-level travel time spent in this place.
 D = Time resting spent in this place.
 E = Time spent auto-exploring this place.
 F = Levels seen in this place.
 G = Mean time per level.
                   A        B        C        D        E       F      G
               +--------+--------+--------+--------+--------+-----+--------+
         Total |   1161 |   1122 |     39 |    167 |    696 |   2 |  580.5 |
       Dungeon |   1161 |   1122 |     39 |    167 |    696 |   2 |  580.5 |
               +--------+--------+--------+--------+--------+-----+--------+

Top non-repeatable levels by time:
     D:1: 910 daAuts
     D:2: 251 daAuts
